 Dungeon Crawl Stone Soup version 0.31.0-32-g396128a36d (webtiles) character file.

Game seed: 10309510212297996879

41 Peloso the Covered (level 3, -2/33 HPs)
             Began as a Minotaur Fighter on Mar 21, 2024.
             Killed by divine providence
             ... invoked by an orc priest
              (11 damage)
             ... on level 2 of the Dungeon.
             The game lasted 00:01:31 (1031 turns).

Peloso the Covered (Minotaur Fighter)               Turns: 1031, Time: 00:01:31

Health: -2/33      AC:  7    Str: 20    XL:     3   Next: 32%
Magic:  2/2        EV:  9    Int:  5    God:
Gold:   51         SH:  4    Dex: 11    Spells: 2/2 levels left

rFire   . . .        a - +0 long sword
rCold   . . .        c - +0 buckler
rNeg    . . .        b - +0 scale mail
rPois   .            (helmet restricted)
rElec   .            (no cloak)
rCorr   .            (no gloves)
SInv    .            (no boots)
Will    .....        (no amulet) Stlth
                     (no ring)
HPRegen 0.25/turn    (no ring)
MPRegen 0.08/turn

%: no passive effects
@: no status effects
A: horns 2, retaliatory headbutt
a: no special abilities


You were on level 2 of the Dungeon.
You visited 1 branch of the dungeon, and saw 2 of its levels.

You collected 51 gold pieces.

Inventory:

Hand Weapons
 a - a +0 long sword (weapon)
Armour
 b - a +0 scale mail (worn)
 c - a +0 buckler (worn)
Scrolls
 h - a scroll of enchant armour {unknown}
Potions
 d - a potion of might


   Skills:
 + Level 4.1 Fighting
 + Level 3.0 Long Blades
 + Level 4.2 Armour
 + Level 0.4 Dodging
 + Level 4.0 Shields


You had 2 spell levels left.
You didn't know any spells.
Your spell library was empty.

Dungeon Overview and Level Annotations

Branches:
Dungeon (2/15)

Altars:


Innate Abilities, Weirdness & Mutations

You have a pair of horns on your head.
You reflexively headbutt those who attack you in melee.


Message History

The orc wizard is heavily wounded.
The orc priest looks satisfied for a moment.
The orc hits you from afar with a +0 trident.
* * * LOW HITPOINT WARNING * * *
The orc wizard hits you but does no damage.
The orc priest calls upon Beogh to heal the orc wizard.
The orc wizard is healed somewhat.
The orc wizard closely misses you.
The orc hits you from afar with a +0 trident.
* * * LOW HITPOINT WARNING * * *
You feel much better.
The orc wizard gestures wildly while chanting.
The orc wizard flickers and vanishes!
Deactivating autopickup; reactivate with Ctrl-A.
The orc priest hits you with a +0 flail.
The orc throws a boomerang.
The boomerang hits you but does no damage.
You closely miss the orc priest.
The orc priest is moderately wounded.
The orc priest barely misses you. The orc barely misses you.
Unknown command.
You closely miss something.
The orc priest hits you with a +0 flail.
Something hits you but does no damage.
The orc throws a boomerang.
The boomerang barely misses you.
Unknown command.
You feel less confused. The orc priest closely misses you.
You furiously retaliate!
You headbutt the orc priest! The orc hits you with a +0 trident.
The orc priest mumbles some strange prayers to Beogh against you.
Pain shoots through your body!
The orc throws a boomerang.
The boomerang hits you but does no damage.
You hear some strange, mumbled words.
A puff of flame appears from out of thin air!
The puff of flame hits you.
* * * LOW HITPOINT WARNING * * *
You barely miss the orc priest.
The orc priest is almost dead.
The orc priest mumbles some strange prayers to Beogh against you.
Beogh smites you!
You die...

#..##$#
#.....#
##..##.#
#...#.)###
#.....>..#
##.......#
#.......#
#...o...#
#$.@.{..#
#....o..#
#####.###
#.# #.#
#.. ##. ##


You could see an orc priest and an orc.

Vanquished Creatures
  A dart slug (D:1)
  5 bats
  2 endoplasms (D:1)
  2 giant cockroaches
  A hobgoblin (D:1)
  9 jackals (D:1)
  2 quokkas (D:1)
  A ball python (D:1)
  2 frilled lizards
  3 goblins
  4 kobolds
  2 rats (D:1)
34 creatures vanquished.

Notes
Turn   | Place    | Note
-------+----------+-------------------------------------------
     0 | D:1      | Peloso the Minotaur Fighter began the quest for the Orb.
     0 | D:1      | Reached XP level 1. HP: 19/19 MP: 0/0
   129 | D:1      | Reached XP level 2. HP: 25/27 MP: 1/1
   592 | D:1      | Reached XP level 3. HP: 29/33 MP: 2/2
  1031 | D:2      | Killed from afar by an orc priest

Illustrated notes

Levels and vault maps discovered:
D:1:      saegor_arrival_simple_e, layout_basic,
          hangedman_abyss_or_decor_lesser_grid, hangedman_feature_mirror
D:2:      layout_rooms, hellmonk_ecumenical_altar_zigzags, basic_altar,
          serial_park_tiny_pond, uniq_terence, uniq_natasha

Skill      XL: |  1  2  3 |
---------------+----------+-----
Shields        | 4 |  4.0
Fighting       | 4 |  4.1
Armour         | 4 |  4.2
Long Blades    | 3 |  3.0
Dodging        | |  0.4

Action                     || total
---------------------------++-------
  Melee: Long sword        ||    76
         Headbutt          ||     5
    Use: Scroll            ||     2
         Potion            ||     1
 Armour: Scale mail        ||    78
  Dodge: Dodged            ||    54
  Block: Buckler           ||    17
